 Seeded DCSS version 0.28-a0-691-gad6df49e81 (webtiles) character file.

Game seed: 20211021 (custom seed)

327 a11behringer the Poker (level 6, -3/55 HPs)
             Began as a Minotaur Berserker on Oct 21, 2021.
             Was a Believer of Trog.
             Slain by an ogre (17 damage)
             ... on level 4 of the Dungeon.
             The game lasted 00:09:44 (1896 turns).

a11behringer the Poker (Minotaur Berserker)         Turns: 1896, Time: 00:09:45

Health: -3/55      AC:  9    Str: 23    XL:     6   Next: 24%
Magic:  5/5        EV: 10    Int:  4    God:    Trog [**....]
Gold:   80         SH:  5    Dex: 10    Spells: 5/5 levels left

rFire   . . .      SeeInvis .   a - +0 spear
rCold   . . .      Faith    .   (no shield)
rNeg    . . .      Spirit   .   n - +0 scale mail
rPois   .          Reflect  +   (helmet restricted)
rElec   .          Harm     .   r - scarf {repulsion}
rCorr   .          Rampage  .   (no gloves)
Will    .....                   m - +1 pair of boots
Stlth   ..........              c - amulet of reflection
HPRegen 0.18/turn               (no ring)
MPRegen 0.09/turn               (no ring)

@: repel missiles
A: horns 2, retaliatory headbutt
a: Renounce Religion, Berserk, Trog's Hand


You were on level 4 of the Dungeon.
You worshipped Trog.
Trog was pleased with you.
You visited 1 branch of the dungeon, and saw 4 of its levels.

You collected 80 gold pieces.

Inventory:

Hand Weapons
 a - a +0 spear (weapon)
 l - a +0 scythe
Missiles
 f - 36 bolts
 s - 23 arrows
Armour
 b - a +0 animal skin
 e - a +0 cloak
 h - a +0 ring mail
 m - a +1 pair of boots (worn)
 n - a +0 scale mail (worn)
 r - a scarf of repulsion (worn)
Jewellery
 c - an amulet of reflection (around neck)
Scrolls
 d - a scroll of amnesia
 i - 2 scrolls of teleportation
 j - 2 scrolls of identify {unknown}
 o - a scroll of immolation {unknown}
 q - a scroll of blinking {unknown}
 t - a scroll of silence {unknown}
 u - a scroll of magic mapping {unknown}
 v - a scroll of enchant weapon {unknown}
 w - 2 scrolls of vulnerability {unknown}
Potions
 g - 2 potions of attraction {unknown}
 k - a potion of lignification {unknown}
 p - a potion of haste {unknown}


   Skills:
 + Level 4.9 Fighting
 * Level 6.9 Polearms
 + Level 3.3 Armour
 + Level 3.0 Dodging
 - Level 0.1 Stealth
 - Level 0.8 Shields


You had 5 spell levels left.
You didn't know any spells.
Your spell library was empty.

Dungeon Overview and Level Annotations

Branches:
Dungeon (4/15)
 Temple: D:4-7

Altars:
Elyvilon
Fedhas

Shops:
D:1 ?

Annotations:
D:3 2 transporters


Innate Abilities, Weirdness & Mutations

You have a pair of horns on your head.
You reflexively headbutt those who attack you in melee.


Message History

The worm is heavily wounded.
The worm closely misses you.
You puncture the worm! You headbutt the worm.
You kill the worm!
Trog accepts your kill.
You see here a worm corpse.
You see here a worm corpse.
An adder comes into view.
The adder hisses angrily.
The adder barely misses you. You furiously retaliate!
You headbutt the adder!
An adder is nearby!
You closely miss the adder. You headbutt the adder.
You kill the adder!
Trog accepts your kill.
You see here an adder corpse.
w - 2 scrolls labelled BONU VIUG NUAB
Found a hand axe.
A hobgoblin and an ogre come into view.
Found 16 gold pieces.
The ogre shouts!
The hobgoblin shouts!
The hobgoblin closely misses you.
You hit the ogre.
The ogre is moderately wounded.
The hobgoblin closely misses you.
The ogre hits you with a +0 giant club!!
You hit the ogre.
The ogre is moderately wounded.
You block the hobgoblin's attack.
You hit the ogre.
The ogre is heavily wounded.
The ogre hits you with a +0 giant club!
* * * LOW HITPOINT WARNING * * *
The hobgoblin hits you but does no damage.
You hit the ogre.
The ogre is heavily wounded.
You block the hobgoblin's attack.
You puncture the ogre! You headbutt the ogre.
The ogre is almost dead.
The ogre hits you with a +0 giant club!
You die...

#...# # #.###
##.# ##..# #
#######..## .#
..).....###$.#
#######......#
#####..#####
#..g@.##
#...O###
#...## ...# .#


You could see an ogre and a hobgoblin.

Vanquished Creatures
  Sigmund (D:1)
  A phantom (D:4)
  4 adders
  3 worms
  6 ball pythons
  5 bats
  An endoplasm (D:2)
  2 giant cockroaches
  5 goblins
  4 hobgoblins
  3 jackals (D:3)
  A quokka (D:4)
  5 frilled lizards
  2 kobolds (D:1)
  5 rats
48 creatures vanquished.

Vanquished Creatures (others)
  5 plants (D:2)
5 creatures vanquished.

Grand Total: 53 creatures vanquished

Notes
Turn   | Place    | Note
-------+----------+-------------------------------------------
     0 | D:1      | a11behringer the Minotaur Berserker began the quest for the
                  | Orb.
     0 | D:1      | Reached XP level 1. HP: 19/19 MP: 0/0
   146 | D:1      | Reached skill level 4 in Polearms
   222 | D:1      | Found Gecead's Magic Scroll Emporium.
   279 | D:1      | Reached XP level 2. HP: 15/27 MP: 1/1
   612 | D:2      | Noticed Sigmund
   621 | D:1      | Killed Sigmund
   622 | D:1      | Reached skill level 6 in Polearms
   622 | D:1      | Reached XP level 3. HP: 34/34 MP: 2/2
   622 | D:1      | Reached XP level 4. HP: 41/41 MP: 3/3
   622 | D:1      | Reached XP level 5. HP: 47/47 MP: 4/4
   823 | D:2      | Found a faded altar of an unknown god.
  1145 | D:2      | Reached ** piety under Trog
  1352 | D:3      | Found a blossoming altar of Fedhas.
  1473 | D:3      | Found a transporter.
  1548 | D:3      | Found a transporter.
  1578 | D:3      | Found a white marble altar of Elyvilon.
  1802 | D:4      | Noticed a phantom
  1817 | D:4      | Killed a phantom
  1818 | D:4      | Reached XP level 6. HP: 54/55 MP: 5/5
  1896 | D:4      | Slain by an ogre

Illustrated notes

Levels and vault maps discovered:
D:1:      denvon_arrival_waterhouse, layout_rooms, serial_shops, shop_statue,
          minmay_misc_feat_roman
D:2:      layout_loops_ring, hellmonk_ecumenical_altar_lost_god,
          serial_bayou_lagoon_a, uniq_sigmund
D:3:      gammafunk_wand_slinger, layout_rooms, general_overflow_altar,
          lemuel_doored_altar
D:4:      minmay_polygon_palace, layout_rooms

Skill      XL: |  1  2  3  4  5 |
---------------+----------------+-----
Polearms       | 4 6 |  6.9
Fighting       | 4 |  4.9
Armour         | 3 |  3.3
Dodging        | 3 |  3.0
Stealth        | |  0.1
Shields        | |  0.8

Action                   |  1- 3 |  4- 6 || total
-------------------------+-------+-------++-------
Melee: Spear             |    39 |    96 ||   135
       Headbutt          |     4 |    24 ||    28
Invok: Berserk           |     1 |       ||     1
       Trog's Hand       |       |     1 ||     1
  Use: Scroll            |       |     2 ||     2
Armor: Ring mail         |     6 |     3 ||     9
       Animal skin       |     2 |       ||     2
       Scale mail        |       |    25 ||    25
Dodge: Dodged            |    15 |    42 ||    57
Block: Other             |     9 |    18 ||    27
       Reflection        |       |     1 ||     1

Table legend: (Time is in decaauts)
 A = Elapsed time spent in this place.
 B = Non-inter-level travel time spent in this place.
 C = Inter-level travel time spent in this place.
 D = Time resting spent in this place.
 E = Time spent auto-exploring this place.
 F = Levels seen in this place.
 G = Mean time per level.
                   A        B        C        D        E       F      G
               +--------+--------+--------+--------+--------+-----+--------+
         Total |   1903 |   1573 |    330 |      0 |   1200 |   4 |  475.8 |
       Dungeon |   1903 |   1573 |    330 |      0 |   1200 |   4 |  475.8 |
               +--------+--------+--------+--------+--------+-----+--------+

Top non-repeatable levels by time:
     D:1: 692 daAuts
     D:2: 589 daAuts
     D:3: 502 daAuts
     D:4: 118 daAuts
